Map: [ESL] Dynasty

Players

trigger - Winner!

  • Race: Protoss Protoss
  • Spawn Location: 7:00

Kelazhur

  • Race: Terran Terran
  • Spawn Location: 1:00

Event: ESL SC2 Masters 2024 Spring (Regional)

VOD

Have the link to the VOD?

Description

Time

  • Played on: May 3, 2024, 5:28 p.m.
  • Length: 14:20

All games in this series

Show
View Real Time Build Order
Export as new Build Order

trigger Protoss - Winner!

Build Orders: 1 Gate Expand, Blink Stalkers 

Get SALT Encoding   

  12  0:00  Probe  
  13  0:12  Probe  
  14  0:18  Pylon  
  14  0:25  Probe (Chrono Boost)  
  15  0:37  Gateway, Probe (Chrono Boost)  
  16  0:44  Probe (Chrono Boost)  
  16  0:46  Assimilator  
  17  0:51  Probe  
  18  1:03  Probe  
  19  1:15  Probe  
  20  1:26  Cybernetics Core  
  20  1:32  Nexus  
  20  1:40  Pylon  
  20  1:44  Probe  
  21  1:49  Assimilator  
  21  1:56  Probe  
  21  1:59  Adept (Chrono Boost)  
  22  2:03  Warp Gate  
  25  2:08  Probe  
  25  2:19  Adept (Chrono Boost)  
  25  2:20  Probe  
  28  2:32  Probe  
  28  2:37  Twilight Council  
  29  2:44  Probe  
  30  2:54  Probe  
  30  2:57  Probe  
  32  3:06  Stalker, Probe (Chrono Boost)  
  32  3:10  Blink (Chrono Boost), Gateway  
  36  3:13  Probe (Chrono Boost)  
  36  3:18  Probe (Chrono Boost)  
  37  3:23  Probe x2 (Chrono Boost)  
  39  3:30  Pylon  
  39  3:33  Probe x2  
  41  3:40  Robotics Facility  
  41  3:45  Probe x2  
  41  3:47  Pylon  
  43  3:52  Stalker  
  45  3:57  Probe  
  45  3:58  Gateway  
  45  4:00  Probe  
  47  4:04  Stalker  
  47  4:09  Shield Battery  
  49  4:14  Probe  
  50  4:18  Stalker, Probe  
  53  4:26  Probe  
  54  4:32  Stalker  
  54  4:33  Probe  
  54  4:34  Warp Prism  
  57  4:38  Probe  
  57  4:42  Stalker  
  57  4:44  Pylon  
  60  4:45  Assimilator  
  61  4:57  Nexus  
  60  5:05  Stalker x2  
  64  5:09  Pylon  
  64  5:15  Stalker  
  64  5:16  Probe x2  
  68  5:31  Stalker x2  
  68  5:33  Probe x2  
  71  5:45  Probe x2  
  71  5:49  Observer (Chrono Boost)  
  69  5:51  Stalker  
  71  5:57  Probe x2  
  71  5:58  Gateway, Charge  
  71  5:59  Gateway  
  71  6:04  Stalker x2  
  75  6:09  Probe x2  
  77  6:13  Probe  
  77  6:16  Gateway  
  77  6:17  Stalker, Forge  
  80  6:24  Immortal (Chrono Boost)  
  81  6:29  Adept x2  
  88  6:34  Pylon  
  88  6:36  Pylon  
  86  6:40  Gateway  
  86  6:56  Nexus  
  86  6:59  Pylon  
  83  7:01  Stalker  
  83  7:02  Stalker x3  
  83  7:04  Protoss Ground Weapons Level 1 (Chrono Boost)  
  90  7:12  Stalker  
  90  7:13  Pylon  
  92  7:24  Zealot  
  94  7:30  Pylon  
  94  7:32  Zealot  
  94  7:33  Zealot x3  
  94  7:34  Pylon  
  102  7:46  Pylon  
  102  7:49  Pylon, Shield Battery  
  94  7:54  Zealot  
  94  7:55  Zealot x2  
  94  7:56  Zealot  
  100  8:01  Stalker  
  100  8:04  Observer (Chrono Boost)  
  91  8:15  Stalker x2  
  91  8:21  Zealot x2  
  91  8:26  Probe x2  
  93  8:28  Probe  
  90  8:38  Probe x2, Dark Shrine  
  90  8:40  Probe  
  93  8:43  Protoss Ground Armor Level 1 (Chrono Boost)  
  93  8:48  Zealot x3  
  99  8:49  Zealot  
  99  9:00  Assimilator  
  99  9:01  Robotics Bay  
  95  9:12  Zealot x3  
  95  9:13  Zealot x4  
  105  9:26  Nexus  
  105  9:28  Pylon  
  105  9:32  Probe x2  
  105  9:33  Probe  
  107  9:51  Probe  
  102  9:53  Dark Templar x5  
  102  9:58  Zealot x2  
  116  10:05  Colossus (Chrono Boost)  
  116  10:06  Probe  
  123  10:20  Zealot x2  
  121  10:21  Extended Thermal Lance (Chrono Boost)  
  121  10:23  Probe  
  121  10:27  Gateway, Zealot x4  
  130  10:31  Probe x2  
  130  10:36  Probe  
  130  10:38  Probe  
  132  10:46  Probe  
  132  10:49  Probe  
  130  10:51  Zealot x6  
  130  10:53  Colossus (Chrono Boost)  
  146  11:01  Probe  
  143  11:09  Robotics Facility  
  141  11:18  Probe  
  138  11:19  Sentry, Zealot x4  
  138  11:20  Zealot  
  138  11:21  Zealot  
  152  11:32  Zealot  
  152  11:36  Colossus (Chrono Boost)  
  158  11:43  Pylon  
  156  11:47  Protoss Ground Weapons Level 2 (Chrono Boost)  
  156  11:48  Zealot x4  
  156  11:53  Stalker  
  162  12:03  Shield Battery  
  162  12:07  Warp Prism (Chrono Boost)  
  162  12:10  Colossus (Chrono Boost)  
  158  12:16  Zealot x6  
  158  12:22  Shadow Stride  
  170  12:24  Forge  
  170  12:35  Zealot  
  170  12:36  Disruptor  
  172  12:41  Nexus  
  172  12:43  Probe  
  171  12:44  Pylon  
  171  12:55  Pylon  
  167  12:59  Observer  
  167  13:05  Stalker x3  
  164  13:06  Zealot x4  
  164  13:11  Disruptor  
  174  13:17  Disruptor  
  174  13:30  Stalker x3, Zealot x4  
  188  13:37  Probe  
  188  13:38  Probe  
  184  13:46  Gateway x2  
  184  13:47  Shield Battery  
  186  13:49  Photon Cannon  
  186  13:50  Photon Cannon  
  186  13:56  Zealot x7  
Show
View Real Time Build Order
Export as new Build Order

Kelazhur Terran 

Build Orders: Cyclone Opening, Gas First Reaper Expand 

Get SALT Encoding   

  12  0:00  SCV  
  13  0:12  SCV  
  14  0:17  Supply Depot  
  14  0:24  SCV  
  14  0:27  Refinery  
  15  0:39  SCV  
  16  0:44  Barracks  
  16  0:51  SCV  
  17  1:03  SCV  
  18  1:15  SCV  
  19  1:31  Orbital Command, Reaper  
  20  1:42  Command Center  
  20  1:52  Factory  
  20  1:57  SCV  
  21  2:03  Supply Depot  
  21  2:07  Barracks Reactor  
  21  2:10  SCV  
  21  2:14  Refinery  
  22  2:22  SCV  
  23  2:34  SCV  
  23  2:35  Cyclone  
  26  2:46  SCV  
  26  2:50  Marine x2  
  29  2:58  SCV  
  30  3:00  Orbital Command  
  30  3:02  Starport  
  30  3:07  Marine x2  
  30  3:09  Factory Tech Lab  
  30  3:10  SCV  
  33  3:22  SCV  
  33  3:25  Marine x2  
  33  3:27  SCV  
  37  3:34  SCV  
  37  3:38  Medivac  
  37  3:40  SCV  
  41  3:42  Supply Depot  
  41  3:43  Factory Tech Lab, Marine x2  
  41  3:46  SCV  
  44  3:49  Supply Depot  
  44  3:53  Refinery  
  44  3:58  SCV  
  44  4:00  SCV  
  46  4:03  Siege Tank, Marine x2  
  46  4:05  Supply Depot  
  51  4:10  SCV  
  52  4:18  SCV  
  52  4:21  Cloaking Field, Banshee, Marine x2  
  52  4:22  SCV  
  59  4:30  SCV  
  59  4:34  SCV  
  61  4:38  Siege Tank  
  61  4:39  Marine x2  
  61  4:42  SCV  
  63  4:46  SCV  
  64  4:54  SCV  
  64  4:56  Supply Depot  
  64  4:57  Marine  
  64  4:58  Marine  
  64  4:59  SCV  
  68  5:01  Supply Depot  
  68  5:04  Banshee  
  70  5:14  SCV  
  70  5:18  Siege Tank, SCV  
  70  5:20  Barracks  
  70  5:21  Barracks  
  74  5:25  Supply Depot  
  74  5:26  SCV  
  73  5:30  SCV  
  73  5:34  Marine x2  
  76  5:38  SCV  
  76  5:39  Engineering Bay  
  76  5:40  Supply Depot  
  76  5:42  SCV  
  73  5:50  SCV  
  73  5:52  Siege Tank  
  73  5:54  SCV  
  78  6:02  SCV  
  78  6:06  SCV  
  78  6:07  Marine x2  
  77  6:14  SCV, Banshee  
  77  6:15  Barracks Tech Lab x2  
  77  6:18  SCV, Terran Infantry Weapons Level 1  
  82  6:25  Siege Tank  
  82  6:29  Marine x2  
  88  6:33  Supply Depot  
  88  6:38  Marauder x2  
  90  6:42  Stimpack  
  89  6:49  Marine x2  
  91  6:56  Combat Shield  
  90  7:07  Marauder x2  
  94  7:09  Command Center  
  94  7:12  Marine x2  
  96  7:19  Starport Reactor  
  96  7:20  SCV  
  94  7:25  Barracks  
  94  7:27  Barracks  
  91  7:30  SCV  
  91  7:32  SCV  
  91  7:34  Marauder x2, Marine x2  
  98  7:42  SCV  
  99  7:46  Siege Tank  
  94  7:56  Marauder, Marine x2  
  94  7:57  Medivac  
  88  8:00  Medivac  
  90  8:12  Marauder  
  82  8:18  Marauder  
  83  8:21  Marine x3  
  84  8:29  Orbital Command, Concussive Shells  
  84  8:31  SCV x2  
  84  8:33  Marine  
  86  8:35  Medivac  
  86  8:36  Marine  
  86  8:39  Marine x3  
  91  8:42  Terran Infantry Armor Level 1  
  91  8:45  SCV x2  
  88  8:51  Marine  
  88  8:54  Orbital Command, Marine  
  89  8:57  SCV x2, Marine x3  
  94  9:09  SCV x2, Viking, Marauder  
  94  9:11  Marine  
  94  9:15  Marauder  
  95  9:18  Viking  
  98  9:24  SCV x2  
  98  9:29  Barracks Reactor  
  98  9:30  SCV  
  100  9:32  Factory Reactor  
  100  9:38  Marauder, Marine  
  102  9:39  Marauder  
  102  9:45  Marauder  
  100  9:53  Medivac  
  100  9:56  Marine  
  100  9:57  SCV x2  
  100  9:58  SCV  
  108  10:00  Engineering Bay, Marauder  
  108  10:01  Armory  
  108  10:03  Marauder, Supply Depot  
  108  10:06  Marauder  
  112  10:10  SCV, Widow Mine x2  
  114  10:15  Medivac  
  114  10:16  Marine  
  117  10:22  Refinery  
  117  10:23  Supply Depot  
  117  10:24  Refinery, Supply Depot  
  117  10:25  Medivac, Marine x4  
  123  10:30  Marauder  
  125  10:38  Widow Mine  
  121  10:43  Marauder  
  121  10:45  Marauder, Missile Turret  
  121  10:47  SCV x3  
  126  10:51  Marauder, Missile Turret  
  127  10:59  SCV x3  
  128  11:05  Marauder  
  128  11:07  Marauder  
  128  11:11  SCV  
  133  11:12  Widow Mine x2  
  133  11:13  Marauder  
  133  11:17  Supply Depot  
  139  11:18  Supply Depot  
  137  11:26  Terran Infantry Weapons Level 2  
  137  11:39  Medivac, Marauder, Marine  
  141  11:40  Widow Mine x2, Marauder x2  
  141  11:43  Marine x2  
  140  11:53  Terran Infantry Armor Level 2  
  140  11:57  Marine  
  140  11:59  Medivac  
  143  12:02  Marauder  
  143  12:04  Supply Depot  
  143  12:05  Barracks Reactor, Marine  
  143  12:09  Medivac  
  139  12:17  Marauder x2  
  143  12:23  Marauder  
  143  12:29  Viking  
  143  12:33  Widow Mine  
  143  12:34  Marine  
  143  12:37  Marine  
  144  12:38  Marauder  
  144  12:39  Viking, Marine  
  150  12:46  Marauder, Marine  
  151  12:54  Supply Depot  
  151  12:56  Supply Depot  
  147  12:59  Orbital Command  
  147  13:02  Viking  
  144  13:08  Marauder x2, Marine  
  142  13:19  Marauder  
  136  13:23  Viking  
  136  13:24  Marine x3  
  139  13:29  Marauder  
  139  13:32  Viking  
  142  13:36  Marauder  
  142  13:41  Marauder, Marine  
  142  13:47  Marine  
  140  13:51  Marauder  
  140  13:52  Marine x2  
  144  13:58  Marauder  
Tags
 
Add a new tag
Caveats
  • Supply blocks, unpowered buildings, or Contaminate may cause inaccurate times.
  • Supply counts are checked every 10 seconds.